 Dungeon Crawl Stone Soup version 0.20.1-1-g8b1a95d (webtiles) character file.

53 Mimshu the Skirmisher (level 3, -8/24 HPs)
             Began as a Gargoyle Berserker on Nov 30, 2017.
             Was a Believer of Trog.
             Mangled by a gnoll
             ... wielding a +0 halberd
              (15 damage)
             ... on level 2 of the Dungeon.
             The game lasted 00:03:54 (1672 turns).

Mimshu the Skirmisher (Gargoyle Berserker)          Turns: 1672, Time: 00:03:55

Health: -8/24      AC:  5    Str: 20    XL:     3   Next: 89%
Magic:  3/3        EV: 12    Int:  7    God:    Trog [**....]
Gold:   16         SH:  0    Dex: 10    Spells: 2/2 levels left

rFire    + . .     SeeInvis .   a - +0 falchion
rCold    x . .     Gourm    .   (no shield)
rNeg     + . .     Faith    .   b - +0 animal skin
rPois    ∞         Spirit   .   (no helmet)
rElec    +         Reflect  .   (no cloak)
rCorr    .         Harm     .   (no gloves)
MR       .....                  (no boots)
Stlth    +.........             (no amulet)
Regen    0.1/turn               j - ring of fire
MPRegen  0.1/turn               (no ring)

@: no status effects
A: negative energy resistance 1, electricity resistance, unbreathing,
petrification resistance, rot immunity, AC +3
a: Berserk, Trog's Hand, Burn Spellbooks, Renounce Religion


You were on level 2 of the Dungeon.
You worshipped Trog.
Trog was pleased with you.
You were hungry.

You visited 1 branch of the dungeon, and saw 2 of its levels.

You collected 16 gold pieces.

Inventory:

Hand Weapons
 a - a +0 falchion (weapon)
Missiles
 l - 35 arrows
Armour
 b - a +0 animal skin (worn)
Jewellery
 j - a ring of fire (left hand)
Scrolls
 e - a scroll of magic mapping
 f - a scroll of amnesia
Potions
 d - a potion of brilliance {unknown}
 g - a potion of might {unknown}
 i - a potion of lignification {unknown}
 k - 2 potions of heal wounds {unknown}
 m - a potion of curing {unknown}
Comestibles
 c - 2 bread rations
 n - 2 chunks of flesh


   Skills:
 + Level 3.8 Fighting
 + Level 3.3 Long Blades
 + Level 2.2 Armour
 + Level 2.1 Dodging
 + Level 0.8 Stealth


You had 2 spell levels left.
You didn't know any spells.

Dungeon Overview and Level Annotations

Branches:
Dungeon (2/15)

Altars:


Innate Abilities, Weirdness & Mutations

You are resistant to torment.
Your stone body is resilient. (AC +3)
You are immune to poison.
You resist negative energy. (rN+)
You are resistant to electric shocks. (rElec)
You can survive without breathing.
You are immune to petrification.
You are immune to rotting.


Message History

The gnoll closely misses you.
You riposte.
You closely miss the gnoll.
The gnoll is severely wounded.
The gnoll barely misses you. x2; The gnoll closely misses you.
You barely miss the gnoll.
The gnoll is severely wounded.
The gnoll hits you with a whip.
The gnoll hits you from afar with a spear!
You hit the gnoll.
You kill the gnoll!
Trog accepts your kill. The gnoll hits you but does no damage.
The gnoll hits you but does no damage.
You are feeling hungry.
The gnoll hits you but does no damage. The gnoll hits you with a spear.
* * * LOW HITPOINT WARNING * * *
You closely miss the gnoll.
The gnoll hits you from afar with a halberd!
Ouch! That really hurt!
You die...

#.# #.# #.# # #.##.#
##### #....# ......####
#.# #........# #.# #.#
#.##.########.#
#.###...gg@.......#
#.#...##g########.#
#######.#.#?##.# #.#
.g.g....g..>##g########.#
#######g#.####g#.....<.)#
#....###.#.########
##.#.#.##g#.####
#....g...........
##.#.#..###.#####


You could see 3 gnolls.

Vanquished Creatures
  An adder (D:2)
  A gnoll (D:2)
  2 leopard geckos
  2 giant cockroaches (D:1)
  5 hobgoblins (D:1)
  4 jackals (D:1)
  2 bats (D:1)
  4 frilled lizards (D:1)
  4 goblins (D:1)
  2 kobolds (D:1)
  5 rats (D:1)
32 creatures vanquished.

Notes
Turn   | Place    | Note
-------+----------+-------------------------------------------
     0 | D:1      | Mimshu the Gargoyle Berserker began the quest for the Orb.
     0 | D:1      | Reached XP level 1. HP: 14/14 MP: 1/1
   289 | D:1      | Reached XP level 2. HP: 18/19 MP: 2/2
   896 | D:1      | Reached XP level 3. HP: 24/24 MP: 3/3
  1083 | D:1      | Reached ** piety under Trog
  1672 | D:2      | Mangled by a gnoll

Skill      XL: |  1  2  3 |
---------------+----------+-----
Long Blades    | 3 |  3.3
Dodging        | 2 |  2.1
Fighting       | |  3.8
Armour         | |  2.2
Stealth        | |  0.8

Action                   || total
-------------------------++-------
Melee: Falchion          ||    98
  Use: Scroll            ||     4
  Eat: Chunk             ||     2
Armor: Animal skin       ||    49
Dodge: Dodged            ||    76
       Rpst.: Falchion   ||    20
